 Dungeon Crawl Stone Soup version 0.27-a0-965-gbf8bb431c4 (webtiles) character file.

Game seed: 13594461910220803420

257 RemovedPizza the Skirmisher (level 6, -3/44 HPs)
             Began as a Djinni Hedge Wizard on Apr 13, 2021.
             Was a Follower of Okawaru.
             Slain by a phantom (4 damage)
             ... on level 4 of the Dungeon.
             The game lasted 00:15:45 (6225 turns).

RemovedPizza the Skirmisher (Djinni Hedge Wizard)   Turns: 6225, Time: 00:15:45

Health: -3/44      AC:  7    Str: 10 (11) XL:     6   Next: 16%
Gold:   176        EV: 10    Int: 16      God:    Okawaru [*.....] SH:  0 Dex: 11 (12)

rFire    + + .     SeeInvis .   s - +2 hand axe (flame)
rCold    + . .     Faith    .   (no shield)
rNeg     . . .     Spirit   .   q - +2 ring mail {rC+}
rPois    ∞         Reflect  .   c - +0 hat
rElec    .         Harm     .   (no cloak)
rCorr    .         Rampage  .   (no gloves)
Will     .....                  (boots unavailable)
Stlth    +.........             (no amulet)
HPRegen  0.14/turn              r - ring of protection from cold
MPRegen  0.00/turn              (no ring)

@: flying
A: fire resistance 2, cold vulnerability 1, float, innate caster, hp casting,
extra vitality 1, antennae 1, fangs 1, deterioration 1, frail 1
a: Renounce Religion, Heroism


You were on level 4 of the Dungeon.
You worshipped Okawaru.
Okawaru was aware of your devotion.
You visited 1 branch of the dungeon, and saw 4 of its levels.

You collected 176 gold pieces.

Inventory:

Hand Weapons
 a - a +0 dagger
 f - a +0 quarterstaff
 i - a +0 dagger of venom
 k - a +0 spear
 l - a +0 mace
 o - a +0 hunting sling
 s - a +2 hand axe of flaming (weapon)
 t - a +1 flail of venom
Missiles
 d - 70 stones (quivered)
Armour
 b - a +0 robe
 c - a +0 hat (worn)
 q - a +2 ring mail of cold resistance (worn)
Jewellery
 r - a ring of protection from cold (left hand)
Wands
 g - a wand of flame (16)
Scrolls
 e - a scroll of magic mapping {unknown}
 h - 3 scrolls of amnesia
 m - a scroll of teleportation {unknown}
 n - 2 scrolls of identify
Potions
 j - a potion of heal wounds
 p - a potion of brilliance


   Skills:
 * Level 4.8 Fighting
 - Level 2.4 Dodging
 - Level 1.6 Stealth
 - Level 3.2 Spellcasting
 - Level 1.8 Invocations


You couldn't memorise any spells.
You knew the following spells:

 Your Spells              Type           Power      Damage    Failure   Level
a - Magic Dart            Conj           48%        1d5       13%         1
b - Blink                 Tloc           N/A        N/A       19%         2
c - Call Imp              Summ           12%        N/A       19%         2
d - Slow                  Hex            12%        N/A       19%         2
e - Conjure Flame         Conj/Fire      12%        6-21      36%         3
f - Mephitic Cloud        Conj/Pois/Air  12%        N/A       36%         3
g - Corona                Hex            13%        N/A       13%         1
h - Searing Ray           Conj           24%        3d4       19%         2
Your spell library was empty.

Dungeon Overview and Level Annotations

Branches:
Dungeon (4/15)
 Temple: D:4-7

Altars:
Cheibriados
Okawaru
Trog

Annotations:
D:2 exclusion: downstairs


Innate Abilities, Weirdness & Mutations

You are immune to poison.
Your flesh is very heat resistant. (rF++)
You are vulnerable to cold. (rC-)
You float through the air rather than walking.
You learn spells naturally, not from books.
Your magical power is your life essence.
You have superior vitality. (+4 HP)
You have a pair of small antennae on your head.
You have very sharp teeth.
Your body sometimes deteriorates upon taking damage.
You are frail. (-10% HP)


Message History

The phantom hits you.
The phantom blinks!
You blink.
Casting: Call Imp (safe; 19% risk of failure)
Confirm with . or Enter, or press ? or * to list all spells.
A beastly little devil appears in a puff of flame.
The phantom hits you!
Casting: Call Imp (safe; 19% risk of failure)
Confirm with . or Enter, or press ? or * to list all spells.
A beastly little devil appears in a puff of flame.
The phantom closely misses you.
Your crimson imp hits the phantom.
You completely miss the phantom.
The phantom is lightly damaged.
The phantom hits you but does no damage.
Your crimson imp hits the phantom but does no damage.
You miss the phantom.
The phantom is lightly damaged.
The phantom hits you.
The phantom blinks!
You blink.
Your crimson imp hits the phantom.
You hit the phantom. You burn the phantom.
The phantom is heavily damaged.
The phantom barely misses you.
Your crimson imp blinks!
Your crimson imp hits the phantom.
The phantom hits you.
* * * LOW HITPOINT WARNING * * *
The phantom blinks!
You blink.
You slash the phantom! You burn the phantom.
The phantom is almost destroyed.
The phantom hits you.
* * * LOW HITPOINT WARNING * * *
The phantom blinks!
You blink.
Unknown command.
You barely miss the phantom.
The phantom is almost destroyed.
The phantom hits you!
* * * LOW HITPOINT WARNING * * *
The phantom blinks!
You blink.
Unknown command.
You closely miss the phantom.
The phantom is almost destroyed.
The phantom hits you.
You die...

### #..
#.#{ #.#
##@#
#....W.#
........###
####.##.#
##.##§#
...##.#
#..##.#
###.
#..##.# ...
#..##>#


You could see a phantom.

Vanquished Creatures
  A hound (D:4)
  A centaur skeleton (D:3)
  An iguana (D:4)
  An orc wizard (D:4)
  A gnoll (D:1)
  3 adders
  A dart slug (D:1)
  2 orcs (D:4)
  3 endoplasms
  3 giant cockroaches
  3 goblins
  7 hobgoblins
  7 jackals
  A quokka (D:1)
  3 ball pythons
  11 bats
  A frilled lizard (D:1)
  2 kobolds
  10 rats
62 creatures vanquished.

Vanquished Creatures (collateral kills)
  An iguana (D:4)
  Ijyb (D:3)
  An adder (D:3)
  2 worms
  A dart slug (D:1)
  2 hobgoblins
  A jackal (D:3)
9 creatures vanquished.

Vanquished Creatures (others)
  7 demonic plants (D:1)
  A plant (D:1)
  2 withered plants (D:1)
10 creatures vanquished.

Grand Total: 81 creatures vanquished

Notes
Turn   | Place    | Note
-------+----------+-------------------------------------------
     0 | D:1      | RemovedPizza the Djinni Hedge Wizard began the quest for
                  | the Orb.
     0 | D:1      | Reached XP level 1. HP: 15/15 MP: 0/0
   266 | D:1      | Reached XP level 2. HP: 18/21 MP: 0/0
   510 | D:1      | Found a faded altar of an unknown god.
   557 | D:1      | Became a worshipper of Warmaster Okawaru
   557 | D:1      | Reached * piety under Okawaru
  1252 | D:2      | Reached XP level 3. HP: 24/26 MP: 0/0
  1252 | D:2      | Learned a level 1 spell: Corona
  1438 | D:1      | Gained mutation: Your body sometimes deteriorates upon
                  | taking damage. [potion of mutation]
  1438 | D:1      | Gained mutation: You tend to lose your temper in combat.
                  | [potion of mutation]
  1438 | D:1      | Lost mutation: You tend to lose your temper in combat.
                  | [potion of mutation]
  1438 | D:1      | Gained mutation: You have a pair of small horns on your
                  | head. [potion of mutation]
  1440 | D:1      | Reached skill level 1 in Fighting
  1440 | D:1      | Reached skill level 1 in Invocations
  1440 | D:1      | Lost mutation: You have a pair of small horns on your head.
                  | [potion of mutation]
  1440 | D:1      | Gained mutation: You are frail. (-10% HP) [potion of
                  | mutation]
  1440 | D:1      | Gained mutation: You have a pair of small antennae on your
                  | head. [potion of mutation]
  1440 | D:1      | Gained mutation: You have very sharp teeth. [potion of
                  | mutation]
  3480 | D:2      | Reached XP level 4. HP: 20/28 MP: 0/0
  4079 | D:3      | Reached skill level 2 in Fighting
  4292 | D:3      | HP: 1/29 [adder (3)]
  4514 | D:3      | Found a snail-covered altar of Cheibriados.
  4569 | D:3      | Found a bloodstained altar of Trog.
  4796 | D:3      | Noticed Ijyb
  4809 | D:3      | Killed Ijyb
  4810 | D:3      | Reached skill level 3 in Fighting
  4810 | D:3      | Reached XP level 5. HP: 7/36 MP: 0/0
  4810 | D:3      | Learned a level 2 spell: Searing Ray
  5726 | D:4      | Reached skill level 4 in Fighting
  5980 | D:4      | Reached XP level 6. HP: 18/43 MP: 0/0
  6224 | D:4      | HP: 1/44 [phantom (7)]
  6225 | D:4      | Slain by a phantom

Illustrated notes

Levels and vault maps discovered:
D:1:      elethiomel_arrival_infinity_welcomes_careful_drivers,
          layout_loops_cross, shapermc_ecumenical_altar_gd, serial_forest,
          infiniplex_forest_lined_ring, infiniplex_forest_lined_3_way,
          infiniplex_forest_end_2, infiniplex_forest_join,
          infiniplex_forest_straight_3, infiniplex_forest_clump_diagonal,
          infiniplex_forest_lined_room_, minmay_pentomino_p2
D:2:      layout_loops_ring, nrook_loot_triangle, glass_columns_a
D:3:      layout_rooms, nicolae_overflow_hidden_temple, lemuel_doored_altar,
          serial_glass, glass_columns_a, glass_columns_a, glass_columns_a,
          glass_columns_a, glass_columns_b, glass_columns_a,
          minmay_misc_feat_square, kennysheep_another_room, uniq_ijyb
D:4:      layout_loops_ring, minmay_temple_entry_enclosed_plants

Skill      XL: |  1  2  3  4  5 |
---------------+----------------+-----
Spellcasting   | 3 |  3.2
Fighting       | 1 3 4 |  4.8
Invocations    | 1 |  1.8
Dodging        | |  2.4
Stealth        | |  1.6

Action                   |  1- 3 |  4- 6 || total
-------------------------+-------+-------++-------
Melee: Dagger            |   138 |   145 ||   283
       Bite              |     3 |    16 ||    19
       Quarterstaff      |       |    23 ||    23
       Spear             |       |     7 ||     7
       Hand axe          |       |     6 ||     6
 Fire: Hunting sling     |       |     3 ||     3
Throw: Stone             |     8 |     4 ||    12
 Cast: Magic Dart        |    42 |     4 ||    46
       Call Imp          |     2 |    10 ||    12
       Mephitic Cloud    |     3 |     2 ||     5
Invok: Heroism           |     1 |       ||     1
  Use: Potion            |     2 |     4 ||     6
       Scroll            |       |     3 ||     3
 Stab: Sleeping          |     2 |       ||     2
       Confused          |     1 |       ||     1
       Distracted        |       |     1 ||     1
Armor: Robe              |    31 |    39 ||    70
       Skin              |       |    10 ||    10
       Ring mail         |       |    19 ||    19
Dodge: Dodged            |    98 |   129 ||   227

Table legend: (Time is in decaauts)
 A = Elapsed time spent in this place.
 B = Non-inter-level travel time spent in this place.
 C = Inter-level travel time spent in this place.
 D = Time resting spent in this place.
 E = Time spent auto-exploring this place.
 F = Levels seen in this place.
 G = Mean time per level.
                   A        B        C        D        E       F      G
               +--------+--------+--------+--------+--------+-----+--------+
         Total |   6234 |   6055 |    179 |   2371 |   2324 |   4 | 1558.5 |
       Dungeon |   6234 |   6055 |    179 |   2371 |   2324 |   4 | 1558.5 |
               +--------+--------+--------+--------+--------+-----+--------+

Top non-repeatable levels by time:
     D:1: 2165 daAuts
     D:2: 1890 daAuts
     D:3: 1560 daAuts
     D:4: 617 daAuts
